 Dungeon Crawl Stone Soup version 0.22.0-60-ga52c2fc (webtiles) character file.

1369 marrkus the Covert (level 8, -4/52 HPs)
             Began as a Vampire Enchanter on Sept 9, 2018.
             Was a Believer of Nemelex Xobeh.
             Killed from afar by Dowan (10 damage)
             ... with a shard of ice
             ... on level 5 of the Dungeon.
             The game lasted 00:36:10 (6116 turns).

marrkus the Covert (Vampire Enchanter)              Turns: 6116, Time: 00:36:11

Health: -4/52      AC:  2    Str:  7    XL:     8   Next: 38%
Magic:  2/11       EV: 13    Int: 18    God:    Nemelex Xobeh [**....]
Gold:   209        SH:  0    Dex: 20    Spells: 2/11 levels left

rFire    + . .     SeeInvis +   E - +1 short sword (elec)
rCold    + . .     Gourm    .   (no shield)
rNeg     + + +     Faith    .   b - +0 robe
rPois    ∞         Spirit   .   t - +0 hat
rElec    .         Reflect  .   (no cloak)
rCorr    .         Harm     .   (no gloves)
MR       .....                  (no boots)
Stlth    ++++++....             (no amulet)
HPRegen  0.00/turn              k - ring of fire
MPRegen  0.12/turn              j - +4 ring of dexterity

@: bloodless, non-regenerating
A: fangs 3, see invisible, unbreathing
a: Bat Form, Renounce Religion


You were on level 5 of the Dungeon.
You worshipped Nemelex Xobeh.
Nemelex Xobeh was pleased with you.
You were bloodless.

You visited 1 branch of the dungeon, and saw 5 of its levels.
You also visited: Sewer.

You collected 209 gold pieces.

Inventory:

Hand Weapons
 a - a +1 dagger
 s - a +0 rapier
 E - a +1 short sword of electrocution (weapon)
Missiles
 c - 139 stones (quivered)
 o - 5 tomahawks
 r - 20 sling bullets
Armour
 b - a +0 robe (worn)
 t - a +0 hat (worn)
Magical Staves
 y - an uncursed staff of energy {unknown}
Jewellery
 j - a +4 ring of dexterity (right hand)
 k - a ring of fire (left hand)
 n - an uncursed amulet of guardian spirit
 w - an uncursed ring of teleportation
 x - an uncursed amulet of faith {unknown}
Wands
 v - a wand of paralysis (12)
Scrolls
 h - 2 scrolls of identify
 i - a scroll of remove curse
 l - 2 scrolls of random uselessness
 m - 2 scrolls of amnesia
 B - a scroll of magic mapping {unknown}
 C - 2 scrolls of fog {unknown}
 D - a scroll of fear
 F - a scroll of blinking {unknown}
Potions
 d - 12 potions of blood
 e - 3 potions of might
 f - 2 potions of lignification
 g - 2 potions of curing {unknown}
 q - 5 potions of heal wounds
 u - 2 potions of ambrosia
 z - 2 potions of flight {unknown}
Miscellaneous
 p - a plain deck of summoning {drawn: 2}
 A - a plain deck of summoning
 G - an ornate deck of destruction


   Skills:
 + Level 8.1 Short Blades
 - Level 2.1 Dodging
 + Level 8.9 Stealth
 - Level 2.0 Spellcasting
 - Level 6.5 Hexes
 - Level 3.3 Invocations


You had 2 spell levels left.
You knew the following spells:

 Your Spells              Type           Power        Failure   Level  Hunger
a - Corona                Hex            ####...      1%          1    #......
b - Ensorcelled Hibernat  Hex/Ice        ##....       7%          2    ###....
c - Confuse               Hex            ####....     3%          3    ###....
d - Tukima's Dance        Hex            ####....     3%          3    ###....

Your spell library contained the following spells:

 Spells                   Type           Power        Failure   Level  Hunger
 Dazzling Spray           Conj/Hex       ##....       14%         3    ###....


Dungeon Overview and Level Annotations

Branches:
Dungeon (5/15)
 Temple: D:4-7

Altars:
Cheibriados
Fedhas
Kikubaaqudgha
Makhleb
Nemelex Xobeh
Okawaru
Qazlal
Sif Muna
Trog
The Shining One

Annotations:
D:5 Dowan


Innate Abilities, Weirdness & Mutations

You do not heal naturally.
You are immune to poison.
You have razor-sharp teeth.
You have supernaturally acute eyesight. (SInv)
You can survive without breathing.


Message History

Dowan says, "How can I live without her?"
Marrkus's illusion points at Dowan and mumbles some strange words.
Dowan resists with significant effort.
Evoke which item? (* to show all) (? for menu, Esc to quit)
Aiming: Paralyse
Press: ? - help, Shift-Dir - straight line, f - Dowan
Aim: Dowan, wielding a dagger and wearing a robe (severely wounded, fast, Dowan resists with some effort.
Dowan hits you with a dagger.
* * * LOW HITPOINT WARNING * * *
Marrkus's illusion casts a spell at Dowan.
Dowan is outlined in light.
You hit Dowan but do no damage.
Dowan is severely wounded.
Dowan closely misses you.
You hit Dowan.
Dowan is almost dead.
Dowan casts a spell at you. The shard of ice hits you! You partially resist.
You die...
Your body disappears without a glow.

##'#....########.#.## #.........
.....#..............# #.........
.....##.########.#..# #.........
.................#..# #.........
.....#..##########..# #.........
'#####.## #..###.........
'......###### #..............
#####.......######[@............
............'...@e........######
............#.####......).#
##..........#.# #.)......#
##..........#.# #........#######
##....#######.####..............#
......# #.#.................#
......#######'#.................#
......#.........................#
##....#.........................#


You could see Dowan and the friendly marrkus's illusion.

Vanquished Creatures
  The ghost of bli the Shield-Bearer, an amateur FoFi of Wu Jian (D:4)
  Eustachio (D:4)
  Duvessa (D:5)
  2 phantoms
  Blork the orc (D:4)
  A scorpion (D:4)
  2 vampire bats (D:3)
  4 hounds
  A bullfrog skeleton (D:5)
  3 orc priests
  An orc wizard (D:3)
  A worker ant (D:5)
  A gnoll (D:1)
  5 adders
  A river rat (Sewer)
  A shadow imp (D:5)
  9 worms
  3 dart slugs
  3 leopard geckos
  10 orcs
  7 ball pythons
  4 bat skeletons (D:3)
  3 giant cockroaches
  12 goblins
  10 hobgoblins
  8 jackals
  21 kobolds
  4 quokkas
  8 bats
  4 frilled lizards
  A leopard gecko skeleton (D:5)
  A quokka skeleton (D:5)
  10 rats
145 creatures vanquished.

Vanquished Creatures (collateral kills)
  An orc wizard (D:3)
  6 orcs
  A hobgoblin (D:3)
8 creatures vanquished.

Grand Total: 153 creatures vanquished

Notes
Turn   | Place    | Note
-------+----------+-------------------------------------------
     0 | D:1      | marrkus the Vampire Enchanter began the quest for the Orb.
     0 | D:1      | Reached XP level 1. HP: 13/13 MP: 3/3
   427 | D:1      | Reached XP level 2. HP: 19/19 MP: 5/5
   455 | D:1      | Learned a level 2 spell: Ensorcelled Hibernation
   505 | D:1      | Reached skill level 5 in Stealth
   796 | D:1      | Reached XP level 3. HP: 24/24 MP: 3/6
  1252 | D:2      | Found a sparkling altar of Nemelex Xobeh.
  1260 | D:2      | Became a worshipper of Nemelex Xobeh the Trickster
  1364 | D:2      | Found a deep blue altar of Sif Muna.
  1522 | D:2      | Reached XP level 4. HP: 27/30 MP: 3/7
  1558 | D:2      | Received a gift from Nemelex Xobeh
  2107 | D:2      | Learned a level 3 spell: Confuse
  2550 | D:3      | Reached * piety under Nemelex Xobeh
  2710 | D:3      | Reached XP level 5. HP: 17/35 MP: 8/8
  2715 | D:3      | Reached skill level 5 in Hexes
  2876 | D:3      | Found a bloodstained altar of Trog.
  3088 | D:3      | Noticed a phantom
  3099 | D:3      | Killed a phantom
  3099 | D:3      | Reached skill level 5 in Short Blades
  3099 | D:3      | Reached XP level 6. HP: 33/41 MP: 2/9
  3174 | D:3      | Found an ancient bone altar of Kikubaaqudgha.
  3377 | D:4      | Found a snail-covered altar of Cheibriados.
  3440 | D:4      | Learned a level 3 spell: Tukima's Dance
  3565 | D:4      | Noticed Blork the orc
  3572 | D:4      | Killed Blork the orc
  3572 | D:4      | Reached XP level 7. HP: 46/46 MP: 10/10
  4102 | D:4      | Received a gift from Nemelex Xobeh
  4161 | D:4      | Reached ** piety under Nemelex Xobeh
  4328 | D:4      | Noticed Eustachio
  4352 | D:4      | Killed Eustachio
  4352 | D:4      | Reached skill level 1 in Invocations
  4521 | D:4      | Found a runed door.
  4521 | D:4      | Noticed bli's ghost (amateur FoFi)
  4527 | D:4      | Killed bli's ghost
  4711 | D:5      | Entered Level 5 of the Dungeon
  4777 | D:5      | Found a stormy altar of Qazlal.
  4780 | D:5      | Found a burning altar of Makhleb.
  4830 | D:5      | Found an iron altar of Okawaru.
  4853 | D:5      | Reached XP level 8. HP: 52/52 MP: 6/11
  4932 | D:5      | Found a glowing drain.
  4978 | Sewer    | Entered a sewer
  5462 | D:5      | Noticed Dowan
  5560 | D:5      | Found a blossoming altar of Fedhas.
  5777 | D:5      | Found a glowing golden altar of the Shining One.
  5981 | D:5      | Received a gift from Nemelex Xobeh
  6083 | D:5      | Noticed Duvessa
  6108 | D:5      | Killed Duvessa
  6116 | D:5      | Killed from afar by Dowan

Skill      XL: |  1  2  3  4  5  6  7  8 |
---------------+-------------------------+-----
Short Blades   | 2 3 4 5 6 7 8 |  8.1
Stealth        | 5 6 7 8 |  8.9
Hexes          | 6 |  6.5
Invocations    | 3 |  3.3
Dodging        | |  2.1
Spellcasting   | |  2.0

Action                   |  1- 3 |  4- 6 |  7- 9 || total
-------------------------+-------+-------+-------++-------
Melee: Dagger            |    95 |   197 |   187 ||   479
       Bite              |     9 |    13 |    26 ||    48
       Short sword       |       |       |    20 ||    20
 Cast: Corona            |     6 |       |       ||     6
       Ensorcelled Hiber |     7 |    15 |    20 ||    42
       Confuse           |       |     7 |     5 ||    12
       Tukima's Dance    |       |       |     5 ||     5
 Abil: End Transformatio |       |       |     3 ||     3
       Bat Form          |       |       |     3 ||     3
Evoke: Deck              |       |     1 |     1 ||     2
       Wand              |       |       |     1 ||     1
  Use: Potion            |       |     1 |     1 ||     2
       Scroll            |       |     3 |     6 ||     9
 Stab: Sleeping          |    21 |    27 |    23 ||    71
       Confused          |       |     2 |     4 ||     6
       Distracted        |       |     1 |     1 ||     2
  Eat: Corpse            |     1 |       |     1 ||     2
Armor: Robe              |    22 |    21 |    12 ||    55
Dodge: Dodged            |    43 |   112 |    88 ||   243
